 Dungeon Crawl Stone Soup version 0.27-a0-1502-g47ed6a6988 (webtiles) character file.

Game seed: 274633602971481084

2846 dracfodder the Magician (level 10, 0/72 HPs)
             Began as a Djinni Fire Elementalist on July 8, 2021.
             Was a Believer of Qazlal.
             Slain by a yak (11 damage)
             ... on level 9 of the Dungeon.
             The game lasted 00:56:50 (8296 turns).

dracfodder the Magician (Djinni Fire Elementalist)  Turns: 8296, Time: 00:56:50

Health: 0/72       AC: 10    Str:  7    XL:     10   Next: 4%
Gold:   471        EV: 14    Int: 26    God:    Qazlal [**....] SH:  2 Dex: 14

rFire    + + .     SeeInvis .   b - +4 short sword (drain)
rCold    x . .     Faith    .   (no shield)
rNeg     . . .     Spirit   .   v - +2 robe {Archmagi}
rPois    ∞         Reflect  .   (no helmet)
rElec    .         Harm     .   D - +2 cloak
rCorr    .         Rampage  .   d - +2 pair of gloves {Stlth+}
Will     +....     Archmagi +   (boots unavailable)
Stlth    +++.......             l - amulet of regeneration
HPRegen  1.22/turn              o - +6 ring of intelligence
MPRegen  0.00/turn              (no ring)

@: flying, studying Stealth
A: sickness immunity, fire resistance 2, cold vulnerability 1, float, innate
caster, hp casting, extra vitality 1
a: Renounce Religion, Upheaval


You were on level 9 of the Dungeon.
You worshipped Qazlal.
Qazlal was pleased with you.
You visited 2 branches of the dungeon, and saw 10 of its levels.

You collected 801 gold pieces.
You spent 330 gold pieces at shops.

Inventory:

Hand Weapons
 a - a +0 hand crossbow of venom
 b - a +4 short sword of draining (weapon)
 w - a +0 mace of holy wrath
Missiles
 c - 44 poisoned darts
 e - 48 arrows
 i - 41 sling bullets
 k - 168 stones
 n - 37 bolts
 u - 8 boomerangs
Armour
 d - a +2 pair of gloves of stealth (worn)
 v - a +2 robe of the Archmagi (worn)
 D - a +2 cloak (worn)
Jewellery
 l - an amulet of regeneration (around neck)
 o - a +6 ring of intelligence (left hand)
Wands
 j - a wand of acid (8)
 t - a wand of iceblast (15)
 A - a wand of polymorph (9)
 C - a wand of flame (18)
Scrolls
 g - a scroll of fear
 q - 3 scrolls of teleportation
 s - 2 scrolls of identify
 y - a scroll of fog
 z - a scroll of immolation {unknown}
 B - a scroll of blinking
Potions
 f - a potion of brilliance
 h - 2 potions of curing
 m - 2 potions of lignification
 p - a potion of invisibility
 r - a potion of berserk rage
 x - a potion of might


   Skills:
 * Level 5.6 Fighting
 + Level 3.5 Short Blades
 + Level 0.2 Maces & Flails
 + Level 2.3 Crossbows
 + Level 0.6 Throwing
 + Level 5.0 Dodging
 + Level 4.8 Stealth
 + Level 1.0 Shields
 + Level 7.1 Spellcasting


You couldn't memorise any spells.
You knew the following spells:

 Your Spells              Type           Power      Damage    Failure   Level
a - Foxfire               Conj/Fire      100%       2x1d9     1%          1
b - Conjure Flame         Conj/Fire      62%        6-21      1%          3
c - Inner Flame           Hex/Fire       62%        N/A       1%          3
d - Sticky Flame          Conj/Fire      62%        2d8       3%          4
e - Fireball              Conj/Fire      31%        3d13      10%         5
f - Pain                  Necr           100%       1d9       1%          1
g - Wereblood             Tmut           62%        N/A       1%          2
h - Dazzling Flash        Conj/Hex       100%       N/A       1%          3
i - Spider Form           Tmut/Pois      31%        N/A       1%          3
Your spell library was empty.

Dungeon Overview and Level Annotations

Branches:
Dungeon (9/15)             Temple (1/1) D:5
   Lair: D:8-11         Orc: D:9-12

Altars:
Ashenzari
Cheibriados
Dithmenos
Elyvilon
Fedhas
Gozag
Hepliaklqana
Kikubaaqudgha
Makhleb
Nemelex Xobeh
Okawaru
Qazlal
Ru
Sif Muna
Trog
Uskayaw
Vehumet
Wu Jian
Xom
Yredelemnul
Zin
The Shining One

Shops:
D:2 =   D:6 [   D:7 [

Annotations:
D:9 Erica, Harold


Innate Abilities, Weirdness & Mutations

You are immune to sickness and miasma.
You are immune to poison.
Your flesh is very heat resistant. (rF++)
You are vulnerable to cold. (rC-)
You float through the air rather than walking.
You learn spells naturally, not from books.
Your magical power is your life essence.
You have superior vitality. (+4 HP)


Message History

You feel a surge of power!
The orc writhes in agony.
Casting: Foxfire (safe; 1% risk of failure)
Press: ? - help, Q - select action, (/) - cycle Dir - look around, f - activate You feel a surge of power!
You conjure some foxfire!
The foxfire hits the orc but does no damage.
The orc is moderately wounded.
Casting: Foxfire (safe; 1% risk of failure)
Press: ? - help, Q - select action, (/) - cycle Dir - look around, f - activate You feel a surge of power!
You conjure some foxfire!
The foxfire hits the orc but does no damage.
The orc is moderately wounded.
You hit the orc but do no damage. You drain the orc.
The orc is heavily wounded.
The foxfire hits the orc.
You kill the orc!
Qazlal accepts your kill.
The foxfire hits the orc!
You kill the orc!
Qazlal accepts your kill.
Things that are here:
a +0 flail; a +0 ring mail
Items here: )) [ †.
Okay, then.
You reach down and open the door.
There is an open door here.
There is an open door here.
Found a ring mail.
You see here a +0 ring mail.
Done exploring.
There is a stone staircase leading down here.
You fly downwards.
Level annotation: Erica, Harold 2 yaks and 2 orcs come into view.
The orc shouts!
The yak bellows!
You hear a bellow!
The yak gores you. x2
The two-headed ogre hits you with a +0 giant club!! x2
* * * LOW HITPOINT WARNING * * *
There is a stone staircase leading up here.
The yak closely misses you. The yak gores you!
You die...

..≈. ... ≈.§ ≈.
..≈ .§ §. ≈ ##.
#.##. #
#...#.@.##.##..
#.....O.Y...o..
.......@Y.Y..Yo
..#...§YY......
..............?
......@.....(.#
..............#
#..............
#.............#
...............


You could see Harold, Erica, a two-headed ogre, 6 yaks and 2 orcs.

Vanquished Creatures
  Psyche (D:8)
  2 trolls (D:8)
  A wyvern (D:7)
  A steam dragon (D:7)
  An orc warrior (D:8)
  A sky beast (D:6)
  5 ogres
  A kobold brigand (D:7)
  A phantom (D:3)
  2 bullfrogs (D:7)
  2 scorpions (D:6)
  2 water moccasin skeletons
  3 wights (D:8)
  2 centaur zombies
  2 hounds
  A jelly (D:5)
  A gnoll shaman (D:6)
  3 orc priests
  An iguana (D:5)
  4 orc wizards
  A scorpion zombie (D:5)
  A killer bee zombie (D:7)
  A howler monkey zombie (D:6)
  9 gnolls
  2 adders
  A white imp (D:7)
  2 ufetubi
  2 worms
  A dart slug (D:5)
  23 orcs
  3 bats
  9 endoplasms
  A giant cockroach (D:2)
  11 hobgoblins
  8 jackals
  7 quokkas
  9 ball pythons
  6 goblins
  11 kobolds
  A rat (D:1)
146 creatures vanquished.

Vanquished Creatures (collateral kills)
  39 foxfires (D:3)
39 creatures vanquished.

Vanquished Creatures (others)
  456 foxfires
  4 plants (D:3)
460 creatures vanquished.

Grand Total: 645 creatures vanquished

Notes
Turn   | Place    | Note
-------+----------+-------------------------------------------
     0 | D:1      | dracfodder the Djinni Fire Elementalist began the quest for
                  | the Orb.
     0 | D:1      | Reached XP level 1. HP: 15/15 MP: 0/0
   408 | D:1      | Reached XP level 2. HP: 17/21 MP: 0/0
   708 | D:1      | Reached XP level 3. HP: 23/26 MP: 0/0
   708 | D:1      | Learned a level 1 spell: Pain
   816 | D:1      | Reached skill level 3 in Spellcasting
  2018 | D:2      | Reached XP level 4. HP: 25/31 MP: 0/0
  2303 | D:2      | Found Cigerar's Jewellery Shoppe.
  2581 | D:2      | Reached skill level 1 in Fighting
  2900 | D:3      | Identified a scroll of acquirement
  2900 | D:3      | Acquired 365 gold pieces
  2981 | D:2      | Bought an amulet of regeneration for 330 gold pieces
  3098 | D:3      | Found a broken altar of Ashenzari.
  3144 | D:3      | Found a bloodstained altar of Trog.
  3161 | D:3      | Acquired a manual of Stealth
  3201 | D:3      | Noticed a phantom
  3232 | D:3      | Killed a phantom
  3233 | D:3      | Reached XP level 5. HP: 38/38 MP: 0/0
  3233 | D:3      | Learned a level 2 spell: Wereblood
  3252 | D:3      | Reached skill level 4 in Spellcasting
  3276 | D:4      | Noticed an ogre
  3281 | D:4      | Killed an ogre
  3282 | D:4      | Reached XP level 6. HP: 34/43 MP: 0/0
  3716 | D:3      | Acquired a +2 pair of gloves of stealth
  4303 | D:5      | Entered Level 5 of the Dungeon
  4368 | D:4      | Found a sacrificial altar of Ru.
  4372 | D:4      | Found a white marble altar of Elyvilon.
  4557 | D:4      | Reached XP level 7. HP: 49/49 MP: 0/0
  4557 | D:4      | Learned a level 3 spell: Dazzling Flash
  4875 | D:5      | Found a staircase to the Ecumenical Temple.
  4890 | Temple   | Entered the Ecumenical Temple
  5105 | Temple   | Became a worshipper of Qazlal Stormbringer
  5168 | D:5      | Reached skill level 1 in Short Blades
  5191 | D:5      | Reached skill level 5 in Spellcasting
  5330 | D:5      | Reached XP level 8. HP: 56/56 MP: 0/0
  5414 | D:5      | Reached * piety under Qazlal
  5537 | D:6      | Reached skill level 6 in Spellcasting
  5905 | D:6      | Reached skill level 1 in Crossbows
  5959 | D:6      | Found Guntait's Antique Armour Boutique.
  6406 | D:7      | Reached XP level 9. HP: 54/62 MP: 0/0
  6406 | D:7      | Learned a level 3 spell: Spider Form
  6411 | D:7      | Reached skill level 1 in Shields
  7207 | D:7      | Found Idegati's Armour Emporium.
  7314 | D:8      | Noticed Psyche
  7333 | D:8      | Killed Psyche
  7347 | D:8      | Reached skill level 5 in Fighting
  7952 | D:8      | Reached ** piety under Qazlal
  8041 | D:9      | Noticed Harold
  8041 | D:9      | Noticed Erica
  8041 | D:9      | Noticed a two-headed ogre
  8106 | D:8      | Noticed a troll
  8114 | D:8      | Killed a troll
  8115 | D:8      | Reached skill level 7 in Spellcasting
  8177 | D:8      | Noticed a troll
  8185 | D:8      | Killed a troll
  8186 | D:8      | Reached skill level 5 in Dodging
  8186 | D:8      | Reached XP level 10. HP: 56/70 MP: 0/0
  8296 | D:9      | Slain by a yak

Illustrated notes

Levels and vault maps discovered:
D:1:      lightli_arrival_lavapool, layout_basic
D:2:      layout_loops_ring, serial_shops, nicolae_lakefront_shop
D:3:      wad_lake_hut, layout_basic, mainiacjoe_overflow_catwalk_spiral,
          minmay_hedge_maze
D:4:      layout_rooms, minitemple
D:5:      layout_cave_pools, minmay_temple_entry_trees
D:6:      layout_rooms, serial_shops, shop
D:7:      layout_basic, hangedman_decor_slide_cut, nicolae_take_the_stairs,
          minmay_circle_x
D:8:      layout_basic, uniq_psyche
D:9:      layout_cave_pools, minmay_orc_entry_temple_small,
          kennysheep_crisscross, uniq_harold, uniq_erica
Temple:   dpeg_five_rooms_temple

Skill      XL: |  1  2  3  4  5  6  7  8  9 |
---------------+----------------------------+-----
Spellcasting   | 3 4 5 6 7 |  7.1
Fighting       | 1 2 3 4 5 |  5.6
Stealth        | 2 3 4 |  4.8
Short Blades   | 1 3 |  3.5
Dodging        | 3 5 |  5.0
Crossbows      | 1 2 |  2.3
Shields        | 1 |  1.0
Maces & Flails | |  0.2
Throwing       | |  0.6

Action                   |  1- 3 |  4- 6 |  7- 9 | 10-12 || total
-------------------------+-------+-------+-------+-------++-------
Melee: Short sword       |     2 |    55 |   127 |     1 ||   185
       Mace              |       |       |     7 |       ||     7
 Fire: Hand crossbow     |       |       |    20 |       ||    20
Throw: Dart              |     7 |       |       |       ||     7
       Boomerang         |       |       |     3 |       ||     3
 Cast: Foxfire           |    63 |   118 |   111 |     2 ||   294
       Pain              |     4 |     2 |     2 |     5 ||    13
       Wereblood         |       |     2 |     3 |       ||     5
       Conjure Flame     |       |     1 |     2 |       ||     3
       Sticky Flame      |       |     1 |     1 |       ||     2
       Dazzling Flash    |       |       |    17 |       ||    17
Evoke: Wand              |       |       |     1 |       ||     1
  Use: Scroll            |     3 |     7 |    11 |       ||    21
       Potion            |       |     3 |     2 |       ||     5
 Stab: Sleeping          |       |     3 |       |       ||     3
       Invisible         |       |       |     4 |       ||     4
Armor: Robe              |       |     6 |    45 |       ||    51
Dodge: Dodged            |       |    26 |   160 |     1 ||   187
Block: Other             |       |       |    10 |       ||    10

Table legend: (Time is in decaauts)
 A = Elapsed time spent in this place.
 B = Non-inter-level travel time spent in this place.
 C = Inter-level travel time spent in this place.
 D = Time resting spent in this place.
 E = Time spent auto-exploring this place.
 F = Levels seen in this place.
 G = Mean time per level.
                   A        B        C        D        E       F      G
               +--------+--------+--------+--------+--------+-----+--------+
         Total |   8325 |   7887 |    438 |   1356 |   4811 |  10 |  832.5 |
       Dungeon |   8057 |   7670 |    387 |   1356 |   4600 |   9 |  895.2 |
        Temple |    267 |    216 |     51 |      0 |    211 |   1 |  267.0 |
               +--------+--------+--------+--------+--------+-----+--------+

Top non-repeatable levels by time:
     D:1: 1672 daAuts
     D:2: 1322 daAuts
     D:3: 1244 daAuts
     D:7: 1063 daAuts
     D:8: 1022 daAuts
     D:4: 629 daAuts
     D:5: 579 daAuts
     D:6: 520 daAuts
  Temple: 267 daAuts
     D:9: 3 daAuts
